 Dungeon Crawl Stone Soup version 0.31-a0-234-gad7ace16ef (webtiles) character file.

Game seed: 5122802686384374252

448 qw the Shooter (level 7, -1/43 HPs)
             Began as a Gargoyle Hexslinger on July 9, 2023.
             Slain by a water moccasin (6 damage)
             ... on level 4 of the Dungeon.
             The game lasted 00:01:18 (2771 turns).

qw the Shooter (Gargoyle Hexslinger)                Turns: 2771, Time: 00:01:18

Health: -1/43      AC: 14    Str: 12    XL:     7   Next: 4%
Magic:  8/8        EV: 10    Int: 13    God:
Gold:   146        SH:  0    Dex: 14    Spells: 7/8 levels left

rFire   . . .        Y - +2 sling (drain)
rCold   . . .        (no shield)
rNeg    + + .        d - +0 ring mail
rPois   inf          c - +0 helmet
rElec   +            e - +2 cloak
rCorr   .            (no gloves)
SInv    .            (no boots)
Will    .....        i - amulet of the acrobat
Stlth   +            m - ring of positive energy
HPRegen 0.27/turn    (no ring)
MPRegen 0.11/turn

%: acrobat
@: no status effects
A: sickness immunity, AC +4, negative energy resistance 1, electricity
resistance, torment resistance 1, petrification resistance
a: no special abilities


You were on level 4 of the Dungeon.
You visited 1 branch of the dungeon, and saw 4 of its levels.

You collected 146 gold pieces.


Innate Abilities, Weirdness & Mutations

You are immune to sickness and miasma.
Your stone body is resilient. (AC +4)
You are immune to poison.
You resist negative energy. (rN+)
You are resistant to electric shocks. (rElec)
You are resistant to unholy torment.
You are immune to petrification.


   Skills:
 - Level 4.2 Fighting
 + Level 6.0 Ranged Weapons
 - Level 1.1 Armour
 - Level 1.5 Dodging
 - Level 1.0 Spellcasting
 - Level 2.6 Hexes


You had 7 spell levels left.
You knew the following spells:

 Your Spells              Type           Power      Damage    Failure   Level
a - Slow                  Hex            28%        N/A       22%         1

Your spell library contained the following spells:

 Spells                   Type           Power      Damage    Failure   Level
 Inner Flame              Hex/Fire       4%         N/A       73%         3
 Portal Projectile        Hex/Tloc       8%         N/A       73%         3
 Cause Fear               Hex            3%         N/A       91%         4

Inventory:

Hand Weapons
 k - a +1 sling of freezing
 Y - a +2 sling of draining (weapon)
Armour
 c - a +0 helmet (worn)
 d - a +0 ring mail (worn)
 e - a +2 cloak (worn)
Jewellery
 i - an amulet of the acrobat (around neck)
 m - a ring of positive energy (left hand)
Scrolls
 a - 3 scrolls of identify
Potions
 f - a potion of might {unknown}
 g - a potion of haste {unknown}
 h - 2 potions of curing
 j - a potion of cancellation {unknown}

Dungeon Overview and Level Annotations

Branches:
Dungeon (4/15)
 Temple: D:4-7

Altars:
Zin

Shops:
D:1 :

Annotations:
D:4 2 runed translucent doors, Grinder; qw's ghost, amateur GrHs


Message History

You shoot a sling bullet.
The sling bullet closely misses Grinder.
Grinder barely misses you.
You shoot a sling bullet.
The sling bullet closely misses Grinder.
Grinder hits you but does no damage. The water moccasin bites you.
You shoot a sling bullet.
The sling bullet closely misses Grinder.
The water moccasin bites you but does no damage.
Grinder hits you.
You writhe in agony.
The water moccasin barely misses you.
A phantom comes into view.
Grinder blinks!
A centaur comes into view.
You shoot a sling bullet.
The sling bullet closely misses the water moccasin.
The sling bullet barely misses Grinder.
The centaur shouts!
The water moccasin bites you.
The centaur wields a +0 orcbow.
The centaur shoots an arrow.
The arrow hits you!
Grinder blinks!
You shoot a sling bullet.
The sling bullet barely misses the water moccasin.
The water moccasin barely misses you.
The centaur shoots an arrow.
The arrow completely misses you. The water moccasin barely misses you.
The centaur shoots an arrow.
The arrow completely misses you.
You shoot a sling bullet.
The sling bullet closely misses Grinder.
The water moccasin bites you but does no damage.
Grinder blinks!
The water moccasin bites you but does no damage.
You shoot a sling bullet.
The sling bullet misses the water moccasin.
The centaur shoots an arrow.
The arrow hits you. The water moccasin bites you.
The centaur shoots an arrow.
The arrow closely misses you. The water moccasin misses you.
You shoot a sling bullet.
The sling bullet hits the water moccasin.
You drain the water moccasin.
The water moccasin is moderately wounded.
The centaur shoots an arrow.
The arrow hits you. The water moccasin bites you.
You die...

... .$~..+......## ....
#~.#$+........ ...
..~~$#......#. ..###
#.~W#....#### #.#.#
~##.#..######
##...#######........
###..#.##.#...........
#..5...##.............
...###@..%.###.........
#S.c### ##........
#.......# #........
#...#####.# ##.......
..[#. ... ....... .. .
.>. .##.... . .. ....
.. ... .. ...


You could see Grinder, a water moccasin (drained) and a centaur.

Vanquished Creatures
  A black bear (D:4)
  Terence (D:2)
  Jessica (D:2)
  Natasha (thrice) (D:3)
  3 orc wizards (D:3)
  Robin (D:3)
  2 adders (D:2)
  A worm (D:2)
  4 dart slugs
  8 orcs (D:3)
  2 bats
  8 endoplasms
  3 giant cockroaches
  16 goblins
  11 hobgoblins
  2 jackals (D:4)
  10 kobolds
  6 quokkas
  5 ball pythons
  7 frilled lizards
  9 rats
104 creatures vanquished.

Notes
Turn   | Place    | Note
-------+----------+-------------------------------------------
     0 | D:1      | qw the Gargoyle Hexslinger began the quest for the Orb.
     0 | D:1      | Reached XP level 1. HP: 12/12 MP: 2/2
     0 | D:1      | 0 ||| qw: Version: 0.3-a-51-g015441d
     0 | D:1      | 0 ||| qw: Game counter: 4212
     0 | D:1      | 0 ||| qw: Melee chars always use a shield: true
     0 | D:1      | 0 ||| qw: God list: Okawaru
     0 | D:1      | 0 ||| qw: Allow faded altars: false
     0 | D:1      | 0 ||| qw: Do Orc after clearing Dungeon:15 true
     0 | D:1      | 0 ||| qw: Do second Lair branch before Depths: true
     0 | D:1      | 0 ||| qw: Lair rune preference: random
     0 | D:1      | 0 ||| qw: Goals: Normal
     0 | D:1      | 0 ||| PLANNING D:1-11
   167 | D:1      | Reached XP level 2. HP: 16/16 MP: 3/3
   311 | D:1      | Found Yhaleatwa's Book Emporium.
   314 | D:1      | Reached skill level 3 in Ranged Weapons
   607 | D:1      | Reached XP level 3. HP: 21/21 MP: 4/4
   785 | D:1      | 785 ||| UPGRADING to +0 ring mail.
   795 | D:1      | 795 ||| DROPPING +0 robe.
   796 | D:1      | 796 ||| UPGRADING to +2 cloak.
   801 | D:1      | 801 ||| READING 3 scrolls labelled HUOSKA LUJEU.
   802 | D:1      | 802 ||| READING scroll labelled HUDDAE NATROY.
   803 | D:1      | 803 ||| READING scroll labelled OHUZUA COEWUR.
   804 | D:1      | 804 ||| READING scroll labelled UKLEMAASMA.
   805 | D:1      | 805 ||| READING 2 scrolls of identify.
   805 | D:1      | 805 ||| IDENTIFYING dark potion
   806 | D:1      | 806 ||| DROPPING scroll of poison.
   841 | D:2      | Reached skill level 1 in Armour
   876 | D:2      | Noticed Terence
   877 | D:2      | Noticed Jessica
   882 | D:2      | Killed Terence
   883 | D:2      | Reached XP level 4. HP: 26/26 MP: 5/5
   893 | D:2      | Killed Jessica
   894 | D:2      | Reached skill level 4 in Ranged Weapons
   906 | D:2      | Found a glowing silver altar of Zin.
  1006 | D:2      | Reached XP level 5. HP: 30/30 MP: 6/6
  1239 | D:2      | 1239 ||| DROPPING +1 cloak.
  1240 | D:2      | 1240 ||| READING scroll labelled JASTAG PUXETS.
  1241 | D:2      | 1241 ||| READING scroll labelled ANUAQEO PAOM.
  1242 | D:2      | 1242 ||| READING scroll labelled ZEUVVE UKETAYVALI.
  1279 | D:3      | Noticed Robin
  1295 | D:3      | Killed Robin
  1297 | D:3      | HP: 6/30 [goblin/+0 club[Robin] (5)]
  1302 | D:3      | HP: 3/30 [hobgoblin[Robin] (3)]
  1501 | D:3      | Reached skill level 5 in Ranged Weapons
  1775 | D:3      | Noticed Natasha
  1785 | D:3      | Killed Natasha
  1848 | D:3      | Reached skill level 3 in Fighting
  1870 | D:3      | Noticed Natasha
  1879 | D:3      | Killed Natasha
  1880 | D:3      | Reached XP level 6. HP: 30/37 MP: 7/7
  2130 | D:3      | Noticed Natasha
  2135 | D:3      | Killed Natasha
  2185 | D:3      | 2185 ||| Stepping ~*~*~tactically~*~*~ (outnumbered).
  2191 | D:3      | 2191 ||| Stepping ~*~*~tactically~*~*~ (outnumbered).
  2210 | D:3      | Reached skill level 6 in Ranged Weapons
  2605 | D:3      | 2605 ||| UPGRADING to +0 helmet.
  2610 | D:3      | 2610 ||| UPGRADING to amulet of the acrobat.
  2615 | D:3      | 2615 ||| UPGRADING to ring of positive energy.
  2616 | D:3      | 2616 ||| READING scroll labelled NAWIRE YGIURAA.
  2639 | D:3      | 2639 ||| DRINKING 2 glowing golden potions.
  2665 | D:3      | 2665 ||| DROPPING potion of lignification.
  2704 | D:4      | Noticed a black bear
  2716 | D:4      | Killed a black bear
  2717 | D:4      | Reached XP level 7. HP: 43/43 MP: 8/8
  2726 | D:4      | Found a large runed translucent door.
  2726 | D:4      | Found a large runed translucent door.
  2734 | D:4      | Noticed qw's ghost (amateur GrHs)
  2758 | D:4      | Noticed Grinder
  2770 | D:4      | HP: 10/43 [water moccasin (3)]
  2771 | D:4      | Slain by a water moccasin

Levels and vault maps discovered:
D:1:      psy_arrival_radial02, layout_basic, serial_shops,
          nicolae_book_shop_shelving
D:2:      layout_rooms, basic_altar, uniq_terence, uniq_jessica
D:3:      layout_basic, st_stairs_11, uniq_natasha, uniq_robin
D:4:      layout_rooms, nicolae_hepliaklqana_hippocampus,
          ebering_ghost_disaster_area, kennysheep_path_1, uniq_grinder

Skill      XL: |  1  2  3  4  5  6 |
---------------+-------------------+-----
Ranged Weapons | 3 4 5 6 |  6.0
Fighting       | 2 3 4 |  4.2
Armour         | 1 |  1.1
Dodging        | |  1.5
Spellcasting   | |  1.0
Hexes          | |  2.6

Action                     |  1- 3 |  4- 6 |  7- 9 || total
---------------------------+-------+-------+-------++-------
   Fire: Sling             |    80 |   218 |    21 ||   319
    Use: Scroll            |     5 |     4 |       ||     9
         Potion            |       |     1 |       ||     1
 Armour: Robe              |     4 |       |       ||     4
         Ring mail         |    10 |    92 |     5 ||   107
  Dodge: Dodged            |    25 |    76 |     9 ||   110

Table legend:
 A = Non-vault XP
 B = Vault XP
 C = Vault XP percentage of total XP
 D = Non-vault monster count
 E = Vault monster count
 F = Vault count percentage of total count
                 A         B        C        D         E       F
            +---------+---------+-------+---------+---------+-------
      Total |     490 |     151 |  23.6 |      85 |      19 |  18.3
            +---------+---------+-------+---------+---------+-------
        D:1 |      35 |       0 |   0.0 |      18 |       0 |   0.0
        D:2 |      69 |      75 |  52.1 |      25 |       2 |   7.4
        D:3 |     237 |      76 |  24.3 |      33 |      17 |  34.0
        D:4 |     149 |       0 |   0.0 |       9 |       0 |   0.0
            +---------+---------+-------+---------+---------+-------
